 Dungeon Crawl Stone Soup version 0.24-a0-232-g49d9ff8 (webtiles) character file.

Game seed: 17945284282682392656

705 TheGoonsmith the Chopper (level 7, -13/44 HPs)
             Began as a Gargoyle Gladiator on Apr 3, 2019.
             Was a Follower of Okawaru.
             Mangled by an ogre
             ... wielding a +0 giant spiked club
              (16 damage)
             ... on level 5 of the Dungeon.
             The game lasted 00:06:40 (3334 turns).

TheGoonsmith the Chopper (Gargoyle Gladiator)       Turns: 3334, Time: 00:06:41

Health: -13/44     AC: 15    Str: 20    XL:     7   Next: 67%
Magic:  5/7        EV: 13    Int:  8    God:    Okawaru [*.....]
Gold:   178        SH:  0    Dex: 11    Spells: 6/6 levels left

rFire    . . .     SeeInvis .   a - +1 battleaxe
rCold    + . .     Gourm    .   (shield currently unavailable)
rNeg     + . .     Faith    .   u - +1 scale mail {rC+}
rPois    ∞         Spirit   .   c - +1 helmet
rElec    +         Reflect  .   (no cloak)
rCorr    .         Harm     .   (no gloves)
MR       .....                  (no boots)
Stlth    +.........             (no amulet)
HPRegen  0.14/turn              (no ring)
MPRegen  0.10/turn              (no ring)

@: heroism
A: negative energy resistance 1, electricity resistance, unbreathing,
petrification resistance, rot immunity, AC +4
a: Heroism, Renounce Religion


You were on level 5 of the Dungeon.
You worshipped Okawaru.
Okawaru was aware of your devotion.
You were hungry.

You visited 1 branch of the dungeon, and saw 5 of its levels.

You collected 178 gold pieces.

Inventory:

Hand Weapons
 a - a +1 battleaxe (weapon)
 b - a +0 shortbow
 w - a +0 war axe
Missiles
 d - 3 throwing nets (quivered)
 r - 35 arrows
Armour
 c - a +1 helmet (worn)
 l - a +0 scale mail
 u - a +1 scale mail of cold resistance (worn)
 C - a +0 leather armour
Jewellery
 e - an uncursed ring of fire
 v - a cursed amulet of inaccuracy
Wands
 s - a wand of polymorph (8)
 B - a wand of scattershot (6)
Scrolls
 n - a scroll of holy word {unknown}
 o - 5 scrolls of amnesia
 q - a scroll of enchant weapon
 x - 2 scrolls of fear
Potions
 g - a potion of mutation
 i - a potion of lignification
 j - 4 potions of curing
 k - a potion of resistance {unknown}
 m - 3 potions of brilliance {unknown}
 p - a potion of invisibility {unknown}
 t - 2 potions of cancellation
 A - a potion of flight {unknown}
Comestibles
 f - 10 rations
 h - a chunk of flesh


   Skills:
 - Level 5.0(10.0) Fighting
 * Level 7.0(12.0) Axes
 - Level 1.7(6.7) Throwing
 - Level 2.4(7.4) Dodging


You had 6 spell levels left.
You didn't know any spells.
Your spell library contained the following spells:

 Spells                   Type           Power        Failure   Level  Hunger
 Magic Dart               Conj           #...         75%         1    ##.....
 Blink                    Tloc           N/A          87%         2    ###....
 Call Imp                 Summ           #.......     87%         2    ###....
 Slow                     Hex            #.......     87%         2    ###....
 Conjure Flame            Conj/Fire      #.......     98%         3    ####...
 Mephitic Cloud           Conj/Pois/Air  #.......     98%         3    ####...


Dungeon Overview and Level Annotations

Branches:
Dungeon (5/15)
 Temple: D:4-7

Altars:
Ashenzari
Cheibriados
Fedhas
Hepliaklqana
Okawaru
Qazlal
Trog
Uskayaw
Vehumet
Xom


Innate Abilities, Weirdness & Mutations

You are resistant to torment.
Your stone body is resilient. (AC +4)
You are immune to poison.
You resist negative energy. (rN+)
You are resistant to electric shocks. (rElec)
You can survive without breathing.
You are immune to petrification.
You are immune to rotting.


Message History

The ogre hits you with a +0 giant spiked club!
You barely miss the ogre.
The ogre is moderately wounded.
The ogre hits you with a +0 giant spiked club!!
Ouch! That really hurt!
* * * LOW HITPOINT WARNING * * *
You hear an angry hiss.
You are too injured to fight recklessly!
You are too injured to fight recklessly!
You are too injured to fight recklessly!
You feel better. The ogre closely misses you.
You gain the combat prowess of a mighty hero.
You barely miss the ogre.
The ogre is moderately wounded.
The ogre hits you with a +0 giant spiked club!
* * * LOW HITPOINT WARNING * * *
You hit the ogre but do no damage.
The ogre is moderately wounded.
The ogre hits you with a +0 giant spiked club!
You die...

*,,,,,,,,,,,**######.#...........
*,,,,,,,,,,,* ###.##.##.......
*,,,,,,,,.,,#**###...............
*,,,,,,,,.(,#.,..#.#.#<..........
*,,,,,,,,..(#.*#.#.#........##..#
*,,,***,,,..(..#.#.######........
*,,,* ***####..#.#..###,#[....###
*,,,* #.....O......#,,,,..,...
,,,,* *.#.#.#@##.#.#,,,,...,..
,,********,,,,,#.##.#.#,,,,.#.##'
,,**,,,,,,,,,,,#.##.#.#,,,,,.....
****,,,,,,,,,*,.....#.#,,,,###...
*,,,,,,,,,*,.......#,,,,......
*,,,,,,,,,*..#########****#...
*,,,,,,,,,*..,,,,,,,.# #...
*,,,,,,,,,##.***####.# ####
************,###,..#.########*


You could see an ogre.

Vanquished Creatures
  An ogre (D:4)
  A scorpion (D:4)
  A howler monkey (D:5)
  A bullfrog zombie (D:5)
  2 hounds (D:4)
  An orc wizard (D:4)
  Jessica (D:3)
  Terence (D:3)
  3 iguanas (D:4)
  2 worker ants (D:4)
  8 adders
  4 gnolls
  A shadow imp (D:4)
  4 worms
  A dart slug (D:2)
  7 leopard geckos
  5 orcs
  5 giant cockroaches
  11 goblins
  9 hobgoblins
  4 jackals
  4 quokkas
  A ball python (D:2)
  12 bats
  6 frilled lizards
  13 kobolds
  2 quokka skeletons (D:4)
  10 rats
121 creatures vanquished.

Notes
Turn   | Place    | Note
-------+----------+-------------------------------------------
     0 | D:1      | TheGoonsmith the Gargoyle Gladiator began the quest for the
                  | Orb.
     0 | D:1      | Reached XP level 1. HP: 12/12 MP: 1/1
    50 | D:1      | Reached skill level 3 in Axes
    53 | D:1      | Reached XP level 2. HP: 15/18 MP: 2/2
   442 | D:1      | Reached XP level 3. HP: 22/22 MP: 3/3
   683 | D:2      | Reached XP level 4. HP: 27/28 MP: 4/4
   819 | D:2      | Reached skill level 4 in Axes
  1112 | D:3      | Reached XP level 5. HP: 32/32 MP: 5/5
  1143 | D:3      | Noticed Jessica
  1162 | D:3      | Killed Jessica
  1333 | D:3      | Found an iron altar of Okawaru.
  1349 | D:3      | Became a worshipper of Warmaster Okawaru
  1372 | D:3      | Found a stormy altar of Qazlal.
  1418 | D:3      | Found a hazy altar of Hepliaklqana.
  1419 | D:3      | Found a shimmering altar of Xom.
  1420 | D:3      | Noticed a spectral ugly thing
  1695 | D:3      | Noticed Terence
  1752 | D:3      | Killed Terence
  1752 | D:3      | Reached skill level 5 in Axes
  1891 | D:3      | Found a blossoming altar of Fedhas.
  1892 | D:3      | Found a snail-covered altar of Cheibriados.
  1904 | D:3      | Found a shattered altar of Ashenzari.
  1909 | D:3      | Found a hide-covered altar of Uskayaw.
  1996 | D:4      | Found a radiant altar of Vehumet.
  2002 | D:4      | Reached XP level 6. HP: 37/38 MP: 6/6
  2046 | D:4      | Reached * piety under Okawaru
  2463 | D:4      | Reached skill level 6 in Axes
  2463 | D:4      | Reached XP level 7. HP: 32/44 MP: 7/7
  2577 | D:4      | Reached skill level 5 in Fighting
  2801 | D:4      | Found a bloodstained altar of Trog.
  3159 | D:5      | Entered Level 5 of the Dungeon
  3268 | D:5      | Reached skill level 7 in Axes
  3334 | D:5      | Mangled by an ogre

Levels and vault maps discovered:
D:1:      shiori_arrival_maze, layout_rooms, minmay_indecisive_spiral
D:2:      minmay_chambers_of_twos, layout_basic, first_ration, minivault_26
D:3:      layout_basic, regret_index_temple_of_mockery,
          nicolae_qazlal_eye_of_the_storm, overflow_temple_1_default,
          minitemple, uniq_jessica, uniq_terence
D:4:      layout_loops_cross, bloody_trog, minmay_ruined_shrine
D:5:      layout_basic

Skill      XL: |  1  2  3  4  5  6  7 |
---------------+----------------------+-----
Axes           | 3 4 5 6 7 |  7.0
Fighting       | 3 4 5 |  5.0
Throwing       | |  1.7
Dodging        | |  2.4

Action                   |  1- 3 |  4- 6 |  7- 9 || total
-------------------------+-------+-------+-------++-------
Melee: War axe           |    86 |   140 |       ||   226
       Battleaxe         |       |    59 |    72 ||   131
       Unarmed           |       |     2 |       ||     2
 Fire: Shortbow          |       |       |     4 ||     4
Invok: Heroism           |       |       |     1 ||     1
  Use: Potion            |       |     1 |     1 ||     2
       Scroll            |       |       |    11 ||    11
  Eat: Chunk             |       |     5 |     3 ||     8
Armor: Leather armour    |    28 |       |       ||    28
       Scale mail        |     6 |   146 |    42 ||   194
Dodge: Dodged            |    83 |   141 |    47 ||   271

Table legend:
 A = Non-vault XP
 B = Vault XP
 C = Vault XP percentage of total XP
 D = Non-vault monster count
 E = Vault monster count
 F = Vault count percentage of total count
                 A         B        C        D         E       F
            +---------+---------+-------+---------+---------+-------
      Total |     757 |     251 |  24.9 |      98 |      23 |  19.0
            +---------+---------+-------+---------+---------+-------
        D:1 |      25 |       9 |  26.5 |      16 |       6 |  27.3
        D:2 |      82 |      25 |  23.4 |      27 |       8 |  22.9
        D:3 |      79 |      73 |  48.0 |      31 |       2 |   6.1
        D:4 |     424 |     144 |  25.4 |      17 |       7 |  29.2
        D:5 |     147 |       0 |   0.0 |       7 |       0 |   0.0
            +---------+---------+-------+---------+---------+-------
